 Dungeon Crawl Stone Soup version 0.25.1-2-g60ff931df9 (webtiles) character file.

Game seed: 3583794065264697291

9977 DerDa the Frost Mage (level 11, -19/83 HPs)
             Began as a Demonspawn Ice Elementalist on Oct 11, 2020.
             Was a Believer of Sif Muna.
             Demolished by an ice devil (21 damage)
             ... on level 11 of the Dungeon.
             The game lasted 00:49:53 (14169 turns).

DerDa the Frost Mage (Demonspawn Ice Elementalist) Turns: 14169, Time: 00:49:53

Health: -19/83     AC: 10    Str:  8    XL:     11   Next: 30%
Magic:  23/23      EV: 20    Int: 19    God:    Sif Muna [**....]
Gold:   296        SH:  0    Dex: 15    Spells: 6/26 levels left

rFire    . . .     SeeInvis .   G - +3 scimitar (flame)
rCold    . . .     Gourm    .   (no shield)
rNeg     . . .     Faith    .   P - +0 steam dragon scales
rPois    +         Spirit   .   o - +1 hat
rElec    .         Reflect  .   (no cloak)
rCorr    .         Harm     .   a - +2 pair of gloves
MR       .....                  (no boots)
Stlth    ++++......             (no amulet)
HPRegen  0.23/turn              v - +4 ring of evasion
MPRegen  0.18/turn              n - ring of poison resistance

@: about to teleport
A: hooves 1, rugged brown scales 1, nightstalker 2, powered by pain 1
a: Channel Magic, Renounce Religion


You were on level 11 of the Dungeon.
You worshipped Sif Muna.
Sif Muna was pleased with you.
You were hungry.

You visited 2 branches of the dungeon, and saw 12 of its levels.
You also visited: Sewer.

You collected 666 gold pieces.
You spent 370 gold pieces at shops.

Inventory:

Hand Weapons
 G - a +3 scimitar of flaming (weapon)
 O - the +0 flail of Antique Absolution {speed, rF+ MR+ Str-5 Int+4}
   (You found it on level 8 of the Dungeon)

   Attacks with this weapon are significantly faster.
   It affects your strength (-5).
   It affects your intelligence (+4).
   It protects you from fire.
   It affects your resistance to hostile enchantments.
 Q - a +7 great sword
Missiles
 e - 61 poisoned darts (quivered)
 f - 86 bolts
 i - 316 stones
Armour
 a - a +2 pair of gloves (worn)
 o - a +1 hat (worn)
 P - +0 steam dragon scales (worn)
Magical Staves
 g - an uncursed staff of wizardry
 s - an uncursed staff of energy
Jewellery
 n - a ring of poison resistance (right hand)
 v - a +4 ring of evasion (left hand)
 w - an uncursed ring of positive energy
 C - an uncursed ring of flight
Wands
 y - a wand of flame (13)
 A - a wand of clouds (16)
 F - a wand of disintegration (26)
 H - a wand of polymorph (16)
 L - a wand of iceblast (7)
Scrolls
 h - a scroll of immolation
 j - 4 scrolls of remove curse
 k - 9 scrolls of teleportation
 m - a scroll of enchant weapon
 t - a scroll of blinking
 B - 3 scrolls of enchant armour
 I - a scroll of fear
 J - a scroll of fog
 K - 6 scrolls of amnesia
Potions
 b - 5 potions of heal wounds
 d - 3 potions of stabbing
 l - 3 potions of might
 p - 2 potions of curing
 q - a potion of magic
 r - 3 potions of lignification
 x - a potion of brilliance
 z - 2 potions of flight
 D - 4 potions of haste {unknown}
 E - a potion of invisibility
 M - a potion of mutation {unknown}
Comestibles
 c - 24 rations
 u - 2 chunks of flesh


   Skills:
 + Level 6.2 Fighting
 + Level 6.0 Dodging
 - Level 1.7 Stealth
 * Level 8.4 Spellcasting
 + Level 5.3 Conjurations
 * Level 9.0 Ice Magic
 + Level 3.1 Air Magic
 + Level 3.3 Poison Magic
 + Level 4.4 Invocations
 + Level 3.4 Evocations


You had 6 spell levels left.
You knew the following spells:

 Your Spells              Type           Power        Failure   Level  Hunger
a - Freeze                Ice            ####         1%          1    None
b - Frozen Ramparts       Ice            #####.       1%          3    None
c - Ozocubu's Armour      Chrm/Ice       ####....     4%          3    None
e - Mephitic Cloud        Conj/Pois/Air  ###.....     5%          3    None
f - Summon Ice Beast      Ice/Summ       ####....     14%         4    ###....
q - Blink                 Tloc           N/A          13%         2    None
u - Hailstorm             Conj/Ice       #####...     4%          4    ###....

Your spell library contained the following spells:

 Spells                   Type           Power        Failure   Level  Hunger
 Magic Dart               Conj           ####         1%          1    None
 Ensorcelled Hibernation  Hex/Ice        ####..       1%          2    None
 Corona                   Hex            #......      9%          1    None
 Summon Small Mammal      Summ           #...         9%          1    None
 Conjure Flame            Conj/Fire      ###.....     9%          3    None
 Dazzling Flash           Conj/Hex       ###...       9%          3    None
 Call Imp                 Summ           #.......     13%         2    None
 Slow                     Hex            #.......     13%         2    None
 Call Canine Familiar     Summ           #.......     26%         3    None
 Confusing Touch          Hex            #.......     26%         3    None
 Gell's Gravitas          Tloc           #.........   26%         3    None
 Summon Guardian Golem    Hex/Summ       #.......     26%         3    None
 Tukima's Dance           Hex            #.......     26%         3    None
 Metabolic Englaciation   Hex/Ice        ####......   36%         5    #####..
 Summon Lightning Spire   Summ/Air       ##......     43%         4    ###....
 Petrify                  Tmut/Erth      #.......     65%         4    ###....
 Yara's Violent Unravell  Hex/Tmut       #.........   94%         5    #####..


Dungeon Overview and Level Annotations

Branches:
Dungeon (11/15)            Temple (1/1) D:5            Lair (0/6) D:9
  Sewer (visited)
    Orc: D:9-12

Altars:
Ashenzari
Cheibriados
Dithmenos
Elyvilon
Fedhas
Gozag
Hepliaklqana
Kikubaaqudgha
Makhleb
Nemelex Xobeh
Okawaru
Qazlal
Ru
Sif Muna
Trog
Uskayaw
Vehumet
Wu Jian
Xom
Yredelemnul
Zin
The Shining One

Shops:
D:7 ??

Portals:
Abyss: D:3
Ice
Cave: D:11

Annotations:
D:3 2 transporters, haesbaert's ghost, amateur DsNe
D:7 exclusion: hungry ghost
D:9 3 runed translucent doors, Saltbearer's ghost, novice DgAE
D:10 1 runed translucent door, DungeonDestroyer's ghost, journeyman GnFi


Innate Abilities, Weirdness & Mutations

You have large cloven feet.
You are partially covered in rugged brown scales. (AC +1, +3% HP)
You are significantly more attuned to the shadows.
You sometimes gain a little power by taking damage.


Message History

Aiming: Polymorph
Press: ? - help, Shift-Dir - straight line, f - ice devil
Aim: an ice devil (lightly wounded, chance to defeat MR: 11%)
The ice devil resists with almost no effort.
The ice devil hits you but does no damage.
Aiming: Cloud Cone
Press: ? - help, Dir - move target cursor, f/p - ice devil
Aim: an ice devil (lightly wounded)
You create a blast of freezing vapour!
The ice devil hits you.
* * * LOW HITPOINT WARNING * * *
The ice devil freezes you!
* * * LOW HITPOINT WARNING * * *
Unknown command.
Your icy armour cracks and falls away as you move.
There is an open door here.
As you read the scroll of teleportation, it crumbles to dust.
You feel strangely unstable. The ice devil hits you.
* * * LOW HITPOINT WARNING * * *
The ice devil freezes you!!
You die...

#.+.##....* #..#
#.#......∩* #..#
#.'.##....* #..###
#.###*,..$* #.....
#.# ***##* ##.###
#.# ### #.# * #.#
#.# #.# * #4# #.#
#.# # #@######.#
#.###
#........#####.##.
#####.##.....#.#..
#.##.###.#....
#.##.#....>...
#.##.#.#.#....
#.##.....#....
#...........#.
######.####.##


You could see an ice devil.

Vanquished Creatures
  A hydra (D:9)
  A two-headed ogre (D:9)
  Urug (D:10)
  Pikel (D:5)
  Maurice (D:8)
  Maggie (D:8)
  A gargoyle (D:10)
  An ice devil (D:11)
  2 trolls (D:9)
  2 dream sheep (D:9)
  A hippogriff (D:8)
  A wyvern (D:9)
  2 yaks (D:9)
  Edmund (D:5)
  A water moccasin (D:8)
  4 ice beasts
  2 sky beasts
  3 slaves (D:5)
  2 eyes of draining (D:8)
  An orc warrior (D:10)
  3 ogres
  2 necrophages (D:8)
  2 centaurs
  4 big kobolds
  9 bullfrogs
  A gnoll sergeant (D:9)
  A scorpion (D:8)
  19 killer bees
  A crimson imp (D:8)
  2 bullfrog zombies
  A bullfrog skeleton (D:7)
  A centaur zombie (D:8)
  A hound (D:11)
  2 jellies
  A gnoll shaman (D:8)
  5 orc priests
  8 orc wizards
  3 iguanas
  9 worker ants
  3 hound skeletons
  A howler monkey zombie (D:5)
  3 worker ant zombies
  3 gnolls (D:9)
  8 adders
  2 river rats (Sewer)
  3 shadow imps
  An ooze (D:6)
  An adder skeleton (D:2)
  2 adder zombies
  3 worms (D:2)
  A dart slug (D:2)
  8 leopard geckos
  22 orcs
  2 ball pythons
  8 bats
  8 giant cockroaches
  6 hobgoblins
  11 jackals
  2 quokkas
  3 frilled lizards
  12 goblins
  A jackal zombie (D:5)
  14 kobolds
  A quokka skeleton (D:6)
  11 rats
245 creatures vanquished.

Vanquished Creatures (collateral kills)
  Erica (D:8)
  A hungry ghost (D:9)
  An ice beast (D:8)
3 creatures vanquished.

Vanquished Creatures (others)
  A worker ant (D:5)
1 creature vanquished.

Grand Total: 249 creatures vanquished

Notes
Turn   | Place    | Note
-------+----------+-------------------------------------------
     0 | D:1      | DerDa the Demonspawn Ice Elementalist began the quest for
                  | the Orb.
     0 | D:1      | Reached XP level 1. HP: 13/13 MP: 3/3
   248 | D:1      | Gained mutation: You are slightly more attuned to the
                  | shadows. [demonic ancestry]
   248 | D:1      | Reached XP level 2. HP: 20/20 MP: 3/5
   752 | D:1      | Reached skill level 1 in Fighting
  1188 | D:1      | Reached XP level 3. HP: 26/26 MP: 4/6
  1628 | D:2      | Learned a level 3 spell: Frozen Ramparts
  1632 | D:2      | Learned a level 3 spell: Ozocubu's Armour
  1745 | D:2      | Reached skill level 4 in Ice Magic
  2485 | D:2      | Gained mutation: You sometimes gain a little power by
                  | taking damage. [demonic ancestry]
  2485 | D:2      | Reached XP level 4. HP: 32/32 MP: 6/8
  2498 | D:2      | Found a shimmering altar of Xom.
  3159 | D:3      | Noticed a big kobold
  3159 | D:3      | Noticed an ancient zyme
  3163 | D:3      | Found a transporter.
  3164 | D:3      | Found a transporter.
  3167 | D:3      | Noticed a small abomination
  3213 | D:3      | Found a one-way gate to the infinite horrors of the Abyss.
  3213 | D:3      | Noticed haesbaert's ghost (amateur DsNe)
  3223 | D:3      | Noticed a small abomination
  3260 | D:3      | Found a bloodstained altar of Trog.
  3328 | D:3      | Gained mutation: You are significantly more attuned to the
                  | shadows. [demonic ancestry]
  3328 | D:3      | Reached XP level 5. HP: 38/38 MP: 5/10
  4002 | D:4      | Gained mutation: You have large cloven feet. [demonic
                  | ancestry]
  4002 | D:4      | Reached XP level 6. HP: 44/44 MP: 7/11
  4135 | D:4      | Found a glowing drain.
  4139 | Sewer    | Entered a sewer
  4163 | Sewer    | Learned a level 4 spell: Hailstorm
  4250 | Sewer    | Reached skill level 5 in Ice Magic
  4263 | Sewer    | Found a white marble altar of Elyvilon.
  4678 | D:4      | Reached XP level 7. HP: 43/51 MP: 7/13
  4765 | D:4      | Reached skill level 1 in Conjurations
  5159 | D:5      | Entered Level 5 of the Dungeon
  5301 | D:5      | Noticed Edmund
  5311 | D:5      | Killed Edmund
  5794 | D:5      | Reached skill level 5 in Spellcasting
  5838 | D:5      | Noticed Pikel
  5850 | D:5      | Killed Pikel
  5850 | D:5      | Reached skill level 6 in Ice Magic
  5850 | D:5      | Gained mutation: You are partially covered in rugged brown
                  | scales. (AC +1, +3% HP) [demonic ancestry]
  5850 | D:5      | Reached XP level 8. HP: 48/61 MP: 0/16
  6186 | D:5      | Found a staircase to the Ecumenical Temple.
  6192 | Temple   | Entered the Ecumenical Temple
  6254 | Temple   | Became a worshipper of Sif Muna the Loreminder
  6585 | D:6      | Found a shadowy altar of Dithmenos.
  6704 | D:6      | Learned a level 3 spell: Mephitic Cloud
  7510 | D:6      | Found a radiant altar of Vehumet.
  7858 | D:7      | Learned a level 4 spell: Summon Ice Beast
  7895 | D:7      | Reached XP level 9. HP: 31/67 MP: 13/18
  8212 | D:7      | Reached skill level 7 in Ice Magic
  8591 | D:7      | Found Exkoh's Magic Scroll Emporium.
  8597 | D:7      | Bought a scroll of teleportation for 36 gold pieces
  8597 | D:7      | Bought a scroll of identify for 24 gold pieces
  8597 | D:7      | Bought a scroll of teleportation for 36 gold pieces
  8597 | D:7      | Bought a scroll of identify for 24 gold pieces
  8597 | D:7      | Bought a scroll of magic mapping for 42 gold pieces
  8761 | D:7      | Found Zattippo's Magic Scroll Emporium.
  8767 | D:7      | Bought a scroll of identify for 22 gold pieces
  8767 | D:7      | Bought a scroll of identify for 22 gold pieces
  8767 | D:7      | Bought a scroll of identify for 22 gold pieces
  8767 | D:7      | Bought a scroll of identify for 22 gold pieces
  8767 | D:7      | Bought a scroll of amnesia for 38 gold pieces
  8767 | D:7      | Bought a scroll of enchant armour for 82 gold pieces
  8924 | D:8      | Noticed Maurice
  8946 | D:8      | Killed Maurice
  9270 | D:8      | Reached skill level 5 in Dodging
  9329 | D:8      | Noticed Maggie
  9435 | D:8      | Noticed a nameless horror
  9693 | D:8      | Reached skill level 5 in Fighting
  9822 | D:8      | Reached skill level 1 in Invocations
 10244 | D:8      | Got a warped flail
 10244 | D:8      | Identified the cursed +0 flail of Antique Absolution
                  | {speed, rF+ MR+ Str-5 Int+4} (You found it on level 8 of
                  | the Dungeon)
 10306 | D:8      | Reached skill level 1 in Air Magic
 10308 | D:8      | Reached skill level 1 in Poison Magic
 10308 | D:8      | Reached skill level 1 in Evocations
 10416 | D:8      | Reached * piety under Sif Muna
 10538 | D:8      | Reached XP level 10. HP: 57/76 MP: 15/20
 10878 | D:8      | Noticed Erica
 10888 | D:8      | Killed Erica
 11094 | D:8      | Killed Maggie
 11094 | D:8      | Reached skill level 8 in Ice Magic
 11398 | D:9      | Noticed a two-headed ogre
 11412 | D:9      | Killed a two-headed ogre
 11666 | D:9      | Found a staircase to the Lair.
 11947 | D:9      | Found a sacrificial altar of Ru.
 12113 | D:9      | Reached ** piety under Sif Muna
 12119 | D:9      | Reached skill level 5 in Conjurations
 12130 | D:9      | Noticed a three-headed hydra
 12147 | D:9      | Killed a three-headed hydra
 12147 | D:9      | Reached XP level 11. HP: 56/83 MP: 1/23
 12500 | D:9      | Found a runed translucent gate.
 12500 | D:9      | Found a runed translucent gate.
 12500 | D:9      | Found a runed translucent gate.
 12503 | D:9      | Noticed Saltbearer's ghost (novice DgAE)
 12715 | D:9      | Learned a level 2 spell: Blink
 12972 | D:10     | Entered Level 10 of the Dungeon
 12999 | D:10     | Noticed DungeonDestroyer's ghost (journeyman GnFi)
 13002 | D:10     | Found a runed translucent door.
 13348 | D:10     | Noticed Urug
 13419 | D:10     | Killed Urug
 14143 | D:11     | Found a frozen archway.
 14155 | D:11     | Reached skill level 9 in Ice Magic
 14160 | D:11     | HP: 1/83 [ice devil (16)]
 14169 | D:11     | HP: 2/83 [ice devil (1)]
 14169 | D:11     | Demolished by an ice devil

Illustrated notes

Levels and vault maps discovered:
D:1:      psy_arrival_fountain, layout_rooms, serial_co_window_serial,
          co_window_paths_a, co_window_paths_a, co_window_paths_a,
          co_window_corner_a, co_window_paths_b, co_window_paths_a,
          co_window_of_opportunity_a, co_window_2corner, co_window_paths_c,
          co_window_broadway_c, co_window_corner_cb, co_window_paths_d,
          co_window_paths_e, glass_columns_a
D:2:      layout_loops_ring, lemuel_coloured_pillars_altar
D:3:      layout_rooms, lightli_temple_of_fire, gammafunk_ghost_abyssal_escape
D:4:      layout_loops_cross, first_ration, gup_sewer_entry_spiral
D:5:      layout_basic, minmay_temple_entry_metal_lava, uniq_pikel, uniq_edmund
D:6:      layout_basic, lemuel_crystal_altar, basic_altar,
          minmay_misc_feat_roman
D:7:      layout_basic, serial_shops, shop, shop
D:8:      minmay_clustersquares, layout_gridville, uniq_maggie, uniq_maurice,
          uniq_erica
D:9:      layout_loops_ring, nicolae_ru_great_annihilating_truth,
          lair_entry_dummy, ebering_ghost_rock_garden, hangedman_ranch
          [blue_anna_fruit_fields]
D:10:     layout_loops_ring, hellmonk_ghost_happy_afterlife, uniq_urug
D:11:     layout_loops_ring, serial_shops, shop, portal_ice_cave_demonic_guard,
          uniq_fannar
Temple:   compressed_dpeg_circular_temple

Skill      XL: |  1  2  3  4  5  6  7  8  9 10 11 |
---------------+----------------------------------+-----
Dodging        | 2 3 4 5 6 |  6.0
Fighting       | 1 2 3 4 5 6 |  6.2
Ice Magic      | 4 5 6 7 8 9 |  9.0
Spellcasting   | 3 4 5 6 7 8 |  8.4
Conjurations   | 2 3 4 5 |  5.3
Invocations    | 1 3 4 |  4.4
Air Magic      | 1 2 3 |  3.1
Poison Magic   | 1 2 3 |  3.3
Evocations     | 1 2 3 |  3.4
Stealth        | |  1.7

Action                   |  1- 3 |  4- 6 |  7- 9 | 10-12 || total
-------------------------+-------+-------+-------+-------++-------
Melee: Unarmed           |     3 |       |       |       ||     3
       Club              |    38 |    27 |       |       ||    65
       Falchion          |       |     5 |   168 |       ||   173
       Short sword       |       |     1 |       |       ||     1
       Kick              |       |     1 |    54 |    25 ||    80
       Flail             |       |       |    17 |    40 ||    57
       Scimitar          |       |       |       |    63 ||    63
Throw: Dart              |       |     2 |     5 |     2 ||     9
 Cast: Freeze            |    64 |   100 |    88 |    68 ||   320
       Ozocubu's Armour  |     1 |     1 |    11 |     4 ||    17
       Frozen Ramparts   |     1 |     3 |    24 |    14 ||    42
       Summon Ice Beast  |       |       |     6 |    11 ||    17
       Hailstorm         |       |       |     2 |    17 ||    19
       Mephitic Cloud    |       |       |       |     4 ||     4
Evoke: Wand              |       |       |     6 |     6 ||    12
  Use: Scroll            |       |     9 |     9 |     3 ||    21
 Stab: Paralysed         |       |       |    19 |       ||    19
       Sleeping          |       |       |     8 |     5 ||    13
       Distracted        |       |       |     2 |     1 ||     3
  Eat: Chunk             |     5 |     8 |    17 |    12 ||    42
       Ration            |       |       |     1 |     1 ||     2
Armor: Robe              |    27 |    11 |    45 |       ||    83
       Steam dragon scal |       |       |       |    37 ||    37
Dodge: Dodged            |    57 |    82 |   220 |   154 ||   513
       Rpst.: Falchion   |       |     3 |    56 |       ||    59
       Scimitar          |       |       |       |    30 ||    30
